 Dungeon Crawl Stone Soup version 0.23.2-30-g0e89c35649 (webtiles) character file.

Game seed: 9608739222190308401

61 Mrkan the Shooter (level 3, -1/30 HPs)
             Began as a Centaur Hunter on June 10, 2019.
             Slain by Sigmund
             ... wielding a +0 scythe
              (17 damage)
             ... on level 2 of the Dungeon.
             The game lasted 00:03:04 (1472 turns).

Mrkan the Shooter (Centaur Hunter)                  Turns: 1472, Time: 00:03:05

Health: -1/30      AC:  5    Str: 14    XL:     3   Next: 83%
Magic:  3/3        EV:  9    Int: 10    God:
Gold:   98         SH:  0    Dex: 10    Spells: 2/2 levels left

rFire    . . .     SeeInvis .   b - +0 short sword
rCold    . . .     Gourm    .   (no shield)
rNeg     . . .     Faith    .   c - +0 leather armour
rPois    .         Spirit   .   (no helmet)
rElec    .         Reflect  .   (no cloak)
rCorr    .         Harm     .   i - +0 pair of gloves
MR       .....                  (no barding)
Stlth    +.........             (no amulet)
HPRegen  0.10/turn              (no ring)
MPRegen  0.08/turn              (no ring)

@: very quick
A: large, hooves 3, deformed body, speed 2, tough skin 3
a: no special abilities


You were on level 2 of the Dungeon.
You were not hungry.

You visited 1 branch of the dungeon, and saw 2 of its levels.

You collected 98 gold pieces.

Inventory:

Hand Weapons
 a - a +1 shortbow
 b - a +0 short sword (weapon)
Missiles
 d - 44 arrows
Armour
 c - a +0 leather armour (worn)
 i - a +0 pair of gloves (worn)
Wands
 n - a wand of flame (10)
Scrolls
 e - a scroll of magic mapping {unknown}
 h - 3 scrolls of identify {unknown}
 j - a scroll of teleportation {unknown}
 m - a scroll of amnesia {unknown}
Potions
 g - a potion of brilliance {unknown}
 k - a potion of agility {unknown}
 l - a potion of curing {unknown}
Comestibles
 f - 4 rations


   Skills:
 + Level 2.8 Fighting
 * Level 6.7 Bows
 - Level 1.3 Dodging
 - Level 0.4 Stealth


You had 2 spell levels left.
You didn't know any spells.
Your spell library was empty.

Dungeon Overview and Level Annotations

Branches:
Dungeon (2/15)

Altars:

Annotations:
D:2 Sigmund


Innate Abilities, Weirdness & Mutations

You have hooves in place of feet.
Armour fits poorly on your strangely shaped body.
You cover ground very quickly.
You have extremely tough skin. (AC +3)


Message History

The bat barely misses you. Sigmund misses you.
The bat hits you but does no damage.
You miss the bat. The bat hits you but does no damage. x3
You hit the bat.
You kill the bat!
Sigmund drinks a potion.
Sigmund seems to grow stronger.
You hit the goblin but do no damage. Sigmund misses you.
The goblin hits you but does no damage.
You closely miss the goblin. The goblin misses you. Sigmund barely misses you.
You hit the goblin.
You kill the goblin!
Sigmund barely misses you. Sigmund hits you with a +0 scythe!
Things that are here:
a +0 dagger; a bat corpse You hit Sigmund.
Sigmund is lightly wounded.
Sigmund hits you with a +0 scythe!
Ouch! That really hurt!
You die...

##.............#.......####.
##..##......####........####.
#..###......###..........)...
#####.###...................###..
...........#...##...........# ##.
.......#.....######.........# #.
...<.......#.# #......#.#.### #.
.......##### #.##...#.#.# #.
......## ##@##...#.#.# #. .....##
#.@####.#.#. . .....#
......$...##.#.## .....#
..........##....# .....#
..........##....# .....#
..........###.รท.# ######
########### #...# #)..# #...#


You could see Sigmund.

Vanquished Creatures
  2 oozes (D:1)
  3 dart slugs
  3 giant cockroaches (D:2)
  8 goblins
  2 hobgoblins
  7 jackals
  7 kobolds (D:1)
  A ball python (D:1)
  5 bats
  3 rats
41 creatures vanquished.

Notes
Turn   | Place    | Note
-------+----------+-------------------------------------------
     0 | D:1      | Mrkan the Centaur Hunter began the quest for the Orb.
     0 | D:1      | Reached XP level 1. HP: 17/17 MP: 1/1
   196 | D:1      | Reached XP level 2. HP: 22/24 MP: 2/2
   217 | D:1      | You fall through a shaft!
   245 | D:2      | Reached skill level 6 in Bows
   512 | D:1      | Reached XP level 3. HP: 27/30 MP: 3/3
  1015 | D:2      | Noticed Sigmund
  1472 | D:2      | Slain by Sigmund

Skill      XL: |  1  2 |
---------------+-------+-----
Bows           | 6 |  6.7
Fighting       | |  2.8
Dodging        | |  1.3
Stealth        | |  0.4

Action                   || total
-------------------------++-------
Melee: Short sword       ||   143
       Kick              ||    22
  Eat: Chunk             ||     1
Armor: Leather armour    ||    79
Dodge: Dodged            ||    86
